 Dungeon Crawl Stone Soup version 0.22-a0-223-g0f5d773 (webtiles) character file.

203 RoseArtemis the Skirmisher (level 5, -1/50 HPs)
             Began as a Hill Orc Fighter on Feb 18, 2018.
             Was an Initiate of Beogh.
             Killed from afar by Tovarisch's ghost (18 damage)
             ... with a flame tongue
             ... on level 4 of the Dungeon.
             The game lasted 00:11:30 (2869 turns).

RoseArtemis the Skirmisher (Hill Orc Fighter)       Turns: 2869, Time: 00:11:31

Health: -1/50      AC:  6    Str: 20    XL:     5   Next: 81%
Magic:  5/5        EV:  7    Int:  8    God:    Beogh [......]
Gold:   132        SH: 10    Dex: 10    Spells: 4/4 levels left

rFire    . . .     SeeInvis .   a - +0 war axe
rCold    . . .     Gourm    .   c - +1 shield
rNeg     . . .     Faith    .   b - +0 scale mail
rPois    .         Spirit   .   (no helmet)
rElec    .         Reflect  .   (no cloak)
rCorr    .         Harm     .   (no gloves)
MR       .....                  (no boots)
Stlth    ..........             (no amulet)
HPRegen  0.16/turn              (no ring)
MPRegen  0.09/turn              (no ring)

@: no status effects
A: no striking features
a: Renounce Religion


You were on level 4 of the Dungeon.
You worshipped Beogh.
Beogh was noncommittal.
You were not hungry.

You visited 1 branch of the dungeon, and saw 4 of its levels.

You collected 132 gold pieces.

Inventory:

Hand Weapons
 a - a +0 war axe (weapon)
Armour
 b - a +0 scale mail (worn)
 c - a +1 shield (worn)
Wands
 j - a wand of clouds (7)
Scrolls
 e - a scroll of immolation
 h - a scroll of amnesia {unknown}
 i - a scroll of enchant armour
 k - a scroll of noise {unknown}
 l - a scroll of fog {unknown}
 n - a scroll of identify {unknown}
 o - a scroll of blinking {unknown}
 p - a scroll of teleportation {unknown}
 r - 2 scrolls of remove curse {unknown}
 s - a scroll of fear {unknown}
Potions
 d - 3 potions of might
 g - a potion of resistance {unknown}
 m - a potion of brilliance {unknown}
 q - a potion of berserk rage {unknown}
 u - a potion of haste {unknown}
Comestibles
 f - 5 rations


   Skills:
 - Level 6.0 Fighting
 + Level 5.6 Axes
 - Level 3.2 Armour
 - Level 3.2 Shields


You had 4 spell levels left.
You didn't know any spells.

Dungeon Overview and Level Annotations

Branches:
Dungeon (4/15)
 Temple: D:4-7

Altars:

Annotations:
D:4 Tovarisch's ghost, novice GnWn


Message History

You block Tovarisch's ghost's attack.
You hit Tovarisch's ghost but do no damage.
Tovarisch's ghost barely misses you. Tovarisch's ghost casts a spell at you.
You block the flame tongue.
All of the chunks of flesh in your inventory have rotted away.
Your scale mail prevents you from hitting Tovarisch's ghost.
Tovarisch's ghost gestures at you while chanting.
The flame tongue hits you!
Okay, then.
That item cannot be evoked!
You hit Tovarisch's ghost but do no damage.
You block Tovarisch's ghost's attack.
You closely miss Tovarisch's ghost.
Tovarisch's ghost gestures at you while chanting.
The flame tongue hits you! Tovarisch's ghost hits you.
You are too injured to fight recklessly!
Tovarisch's ghost gestures at you while chanting.
The flame tongue hits you!
You die...

#.# .. #.# .. #.##
..# #.## #@.# ##
##.# . #W# #. #o#
#.#.### #†##
#...W<##########<.#
###.#.........†...#
..
#.....$............
...
#................##


You could see Tovarisch's ghost and an orc.

Vanquished Creatures
  Ijyb (D:3)
  A worker ant (D:4)
  7 adders
  2 oozes
  3 worms (D:2)
  A leopard gecko (D:4)
  8 orcs (D:3)
  5 giant cockroaches
  3 goblins
  8 hobgoblins
  4 jackals (D:3)
  A ball python (D:2)
  5 bats
  7 frilled lizards
  7 kobolds
  5 rats
68 creatures vanquished.

Vanquished Creatures (others)
  An orc (D:3)
1 creature vanquished.

Grand Total: 69 creatures vanquished

Notes
Turn   | Place    | Note
-------+----------+-------------------------------------------
     0 | D:1      | RoseArtemis the Hill Orc Fighter began the quest for the Orb.
     0 | D:1      | Reached XP level 1. HP: 19/19 MP: 1/1
   215 | D:1      | Reached XP level 2. HP: 27/27 MP: 2/2
   484 | D:1      | Reached skill level 4 in Fighting
   618 | D:2      | Reached XP level 3. HP: 32/33 MP: 3/3
  1223 | D:2      | Reached XP level 4. HP: 32/41 MP: 4/4
  1231 | D:2      | Reached skill level 5 in Axes
  1706 | D:3      | Reached skill level 5 in Fighting
  1958 | D:3      | Became a worshipper of Beogh the Brigand
  1962 | D:3      | Reached XP level 5. HP: 43/48 MP: 5/5
  2564 | D:3      | Noticed Ijyb
  2641 | D:3      | Killed Ijyb
  2799 | D:4      | Noticed Tovarisch's ghost (novice GnWn)
  2860 | D:4      | Reached skill level 6 in Fighting
  2869 | D:4      | Killed from afar by Tovarisch's ghost

Vault maps used:
D:1:      minmay_arrival_four_loops, serial_glass, glass_columns_b,
          glass_columns_a, minmay_misc_feat_roman, minmay_cupped
D:3:      uniq_ijyb
D:4:      first_ration, grunt_decor_mini_mirrors,
          nicolae_dithmenos_through_a_glass_darkly, uniq_natasha

Skill      XL: |  1  2  3  4  5 |
---------------+----------------+-----
Axes           | 3 4 5 |  5.6
Fighting       | 4 5 6 |  6.0
Armour         | |  3.2
Shields        | |  3.2

Action                   |  1- 3 |  4- 6 || total
-------------------------+-------+-------++-------
Melee: War axe           |   107 |   140 ||   247
       Unarmed           |       |    35 ||    35
Invok: Convert to Beogh  |       |     1 ||     1
  Use: Scroll            |     1 |     1 ||     2
       Potion            |       |     1 ||     1
  Eat: Chunk             |     1 |     6 ||     7
Armor: Scale mail        |    49 |    42 ||    91
Dodge: Dodged            |    32 |    51 ||    83
Block: Shield            |    48 |    62 ||   110

Table legend:
 A = Spawn XP
 B = Non-spawn XP
 C = Spawn XP percentage of total XP
 D = Spawn monster count
 E = Non-spawn monster count
 F = Spawn count percentage of total count
 G = Total turns spent on level
                    A         B        C        D         E        F      G
               +---------+---------+-------+---------+---------+-------+---------
         Total |       0 |     290 |   0.0 |       0 |      68 |   0.0 |  2869
               +---------+---------+-------+---------+---------+-------+---------
           D:1 |       0 |      22 |   0.0 |       0 |      10 |   0.0 |   550
           D:2 |       0 |      88 |   0.0 |       0 |      20 |   0.0 |  1009
           D:3 |       0 |     142 |   0.0 |       0 |      35 |   0.0 |  1282
           D:4 |       0 |      38 |   0.0 |       0 |       3 |   0.0 |    28
               +---------+---------+-------+---------+---------+-------+---------
